 Dungeon Crawl Stone Soup version 0.16.1 (webtiles) character file.

165 Sixotanaka the Conjurer (level 5, -3/31 HPs)
             Began as an Octopode Conjurer on Mar 28, 2015.
             Slain by a centaur zombie (7 damage)
             ... on level 3 of the Dungeon.
             The game lasted 00:05:38 (2636 turns).

Sixotanaka the Conjurer (Octopode Conjurer)         Turns: 2636, Time: 00:05:38

Health: -3/31      AC:  1    Str:  7    XL:     5   Next: 46%
Magic:  2/9        EV: 12    Int: 19    God:
Gold:   126        SH:  0    Dex: 12    Spells: 2 memorised, 4 levels left

rFire  . . .     SeeInvis .     e - +0 dagger (curse)
rCold  . . .     Clarity  .     (no shield)
rNeg   . . .     SustAb   .     (helmet restricted)
rPois  .         Gourm    .     (no amulet)
rElec  .         Spirit   .     i - ring of invisibility
rCorr  .         Warding  .     (no ring)
rMut   .         Stasis   .     (no ring)
MR     .....                    (no ring)
Stlth  +++.......               (no ring)
                                (no ring)
                                (no ring)
                                (no ring)

@: not resistant to hostile enchantments, fairly stealthy
A: almost no armour, amphibious, 8 rings, constrict 8, camouflage 1, gelatinous
body 1
a: Evoke Invisibility


You were on level 3 of the Dungeon.
You were not hungry.

You visited 1 branch of the dungeon, and saw 3 of its levels.

You collected 126 gold pieces.


Innate Abilities, Weirdness & Mutations

You cannot wear most types of armour.
You are amphibious.
You can wear up to eight rings at the same time.
You can use your tentacles to constrict many enemies at once.
Your skin changes colour to match your surroundings (Stealth).
Your rubbery body absorbs attacks (AC +1).


   Skills:
 - Level 2.0 Dodging
 - Level 2.6 Stealth
 - Level 2.0 Spellcasting
 + Level 6.5 Conjurations


You had 4 spell levels left.
You knew the following spells:

 Your Spells              Type           Power        Failure   Level  Hunger
x - Dazzling Spray        Conj/Hex       ##......     14%         3    ###....
z - Magic Dart            Conj           ####         1%          1    #......


Dungeon Overview and Level Annotations

Branches:
Dungeon (3/15)

Altars:

Annotations:
D:2 Sigmund

Inventory:

Hand weapons
 e - a cursed +0 dagger (weapon)
Jewellery
 i - a ring of invisibility (left tentacle)
 l - a +3 ring of protection {unknown}
Scrolls
 d - 4 scrolls of identify {unknown}
 h - a scroll of noise {unknown}
 j - a scroll of teleportation {unknown}
 o - 3 scrolls of fear {unknown}
 q - 2 scrolls of remove curse {unknown}
 s - a scroll of blinking {unknown}
Potions
 a - 2 potions of lignification {unknown}
 f - a potion of might {unknown}
 g - a potion of resistance {unknown}
 k - a potion of heal wounds {unknown}
 m - a potion of berserk rage {unknown}
 n - a potion of poison {unknown}
 p - a potion of haste {@q3}
 t - a potion of mutation {unknown}
Books
 c - a book of Conjurations
Comestibles
 b - 3 bread rations
 r - 2 chunks of flesh

#.#####.##...............<.....##
#.##....##...............[.....#
#.##....##..........###.####...#
#.##.....#..........# #....#...#
#.##................###[...#...##
#.##...##...........##.....#....#
#.##...#...................#.....
#.##...#.###..........#........##
#.##...#.#######@#.....>..>....##
#.........######.Z.#.............
#...............................#
#..........)...........##.....###
#........)).......##...........##
#...............................h
#...#############.....###########
#...###.#####[...##.##....## ##.
#...#.#...##..####...####..##...


You could see a centaur zombie.


Message History

You kill the giant gecko!
Okay, then.
Some of the chunks of flesh in your inventory have rotted away.
You see here a giant gecko corpse.
You butcher the giant gecko corpse.
r - 5 chunks of flesh (gained 1)
You see here a giant gecko skeleton.
A quokka comes into view.
Found an orange potion.
A quokka is nearby!
A quokka is nearby!
The magic dart hits the quokka.
The magic dart hits the quokka.
You closely miss the quokka. You grab the quokka. You constrict the quokka.
You kill the quokka!
t - an orange potion
Found 27 stones.
You see here 27 stones.
A quokka comes into view.
A quokka is nearby!
A quokka is nearby!
A quokka is nearby!
Found a leather armour.
The magic dart hits the quokka.
The magic dart hits the quokka.
You hit the quokka but do no damage. Your grab misses the quokka.
The quokka misses you.
You hit the quokka but do no damage. Your grab misses the quokka.
The quokka misses you.
You closely miss the quokka. Your grab misses the quokka.
The quokka barely misses you.
You hit the quokka. You grab the quokka. You constrict the quokka.
The quokka barely misses you.
You hit the quokka. You constrict the quokka.
You kill the quokka!
No target in view!
q - 2 scrolls labeled COICSIO XI NARPH (gained 1) Some of the chunks of flesh in your inventory have rotted away.
A centaur zombie comes into view.
The magic dart hits the centaur zombie.
The magic dart hits the centaur zombie.
You start resting.
You miscast Dazzling Spray.
You are very lightly contaminated with residual magic.
Nothing appears to happen.
The spray of energy hits the centaur zombie.
The centaur zombie hits you.
You hit the centaur zombie but do no damage.
You squeeze the centaur zombie. The centaur zombie barely misses you.
The centaur zombie closely misses you.
You hit the centaur zombie but do no damage.
The centaur zombie hits you!
You barely miss the centaur zombie. The centaur zombie hits you.
* * * LOW HITPOINT WARNING * * *
The magic dart hits the centaur zombie.
The centaur zombie hits you!
* * * LOW HITPOINT WARNING * * *
The centaur zombie closely misses you.
The magic dart hits the centaur zombie.
The centaur zombie barely misses you.
The centaur zombie hits you but does no damage.
The centaur zombie completely misses you.
The centaur zombie closely misses you. The centaur zombie barely misses you.
You hit the centaur zombie but do no damage.
The centaur zombie hits you.
* * * LOW HITPOINT WARNING * * *
The centaur zombie completely misses you.
Your magical contamination has completely faded away.
The centaur zombie hits you but does no damage.
The centaur zombie barely misses you. The centaur zombie hits you!
You die...

Action                   |  1- 3 |  4- 6 || total
-------------------------+-------+-------++-------
Melee: Dagger            |    18 |    36 ||    54
 Cast: Magic Dart        |    69 |    30 ||    99
       Dazzling Spray    |       |    10 ||    10
 Stab: Sleeping          |     2 |       ||     2
       Invisible         |       |     1 ||     1
  Eat: Chunk             |     3 |     1 ||     4
       Meat ration       |       |     1 ||     1

Vault maps used:
D:1:      onia_arrival_larder, kennysheep_minor_cross, minivault_26
D:2:      lemuel_doored_altar, old_standard_altar, uniq_terence, uniq_sigmund
D:3:      wad_crossroads, uniq_crazy_yiuf_cottage, uniq_iyjb, uniq_natasha

Notes
Turn   | Place    | Note
--------------------------------------------------------------
     0 | D:1      | Sixotanaka, the Octopode Conjurer, began the quest for the Orb.
     0 | D:1      | Reached XP level 1. HP: 11/11 MP: 3/3
   202 | D:1      | Reached XP level 2. HP: 17/17 MP: 1/4
   845 | D:1      | Reached XP level 3. HP: 19/21 MP: 0/6
  1117 | D:2      | Reached skill level 5 in Conjurations
  1364 | D:2      | Learned a level 3 spell: Dazzling Spray
  1529 | D:2      | Noticed Sigmund
  1762 | D:3      | Noticed Ijyb
  1770 | D:3      | Killed Ijyb
  1770 | D:3      | Reached XP level 4. HP: 27/27 MP: 0/7
  1921 | D:3      | Noticed Natasha
  1965 | D:3      | Killed Natasha
  1965 | D:3      | Reached skill level 6 in Conjurations
  2139 | D:3      | Reached XP level 5. HP: 25/31 MP: 3/9
  2397 | D:3      | Noticed Natasha
  2403 | D:3      | Killed Natasha
  2424 | D:3      | Noticed Natasha
  2425 | D:3      | Killed Natasha
  2611 | D:3      | HP: 6/31 [centaur zombie (7)]
  2623 | D:3      | HP: 3/31 [centaur zombie (4)]
  2636 | D:3      | Slain by a centaur zombie

Vanquished Creatures
  Natasha (thrice) (D:3)
  Ijyb (D:3)
  5 adders
  2 worms (D:3)
  A giant gecko (D:3)
  6 bats
  5 giant cockroaches
  10 goblins
  8 hobgoblins
  2 kobolds
  3 quokkas (D:3)
  A ball python (D:1)
  A giant newt (D:1)
  11 rats
59 creatures vanquished.
